 Dungeon Crawl Stone Soup version 0.19-a0-1185-gacb3972 (webtiles) character file.

127850 PurpleRed the Devastator (level 16, -1/83 HPs)
             Began as a Deep Elf Conjurer on Aug 17, 2016.
             Was the Champion of Vehumet.
             Killed from afar by a battlesphere (21 damage)
             ... created by a deep elf mage
             ... on level 2 of the Elven Halls on Aug 18, 2016.
             The game lasted 02:30:22 (21528 turns).

PurpleRed the Devastator (Deep Elf Conjurer)       Turns: 21528, Time: 02:30:23

Health: -1/83      AC: 14    Str:  5    XL:     16   Next: 47%
Magic:  37/39      EV: 21    Int: 34    God:    Vehumet [******]
Gold:   1543       SH:  7    Dex: 15    Spells: 10 memorised, 15 levels left

rFire  + . .     SeeInvis +     b - staff of wizardry
rCold  + . .     Gourm    .     v - +2 robe {rC+ rF+}
rNeg   . . .     Faith    .     R - +2 buckler
rPois  .         Spirit   .     C - +2 helmet {SInv}
rElec  .         Dismiss  .     V - +0 cloak
rCorr  .         Reflect  .     x - +2 pair of gloves
MR     +....     Harm     .     f - +2 pair of boots {Fly}
Stlth  ++........               k - amulet of magic regeneration
                                P - +4 ring of evasion
                                g - +6 ring of intelligence

@: flying, drained
A: no striking features
a: Renounce Religion, Stop Flying


You were on level 2 of the Elven Halls.
You worshipped Vehumet.
Vehumet was exalted by your worship.
You were not hungry.

You visited 5 branches of the dungeon, and saw 25 of its levels.
You also visited: Labyrinth and Ossuary.

You collected 2281 gold pieces.
You spent 738 gold pieces at shops.

Inventory:

Hand Weapons
 m - a +0 morningstar of protection
Armour
 f - a +2 pair of boots of flying (worn)
 v - a +2 robe of resistance (worn)
 w - the +2 leather armour of Yra Podomo {rC+ rN+ rCorr}
   (You bought it in a shop on level 2 of the Orcish Mines)

   It protects you from cold.
   It protects you from negative energy.
   It protects you from acid and corrosion.
 x - a +2 pair of gloves (worn)
 C - a +2 helmet of see invisible (worn)
 F - the +2 ring mail of Boiling Hail {+Inv rPois rN+ Str+3}
   (You found it on level 3 of the Lair of Beasts)

   It affects your strength (+3).
   It protects you from poison.
   It protects you from negative energy.
   It lets you turn invisible.
 R - a +2 buckler (worn)
 V - a +0 cloak (worn)
Magical Staves
 b - an uncursed staff of wizardry (weapon)
 Q - an uncursed staff of poison
Jewellery
 g - a +6 ring of intelligence (left hand)
 k - an amulet of magic regeneration (around neck)
 G - an uncursed ring of poison resistance
 H - the ring of Anidaod {*Corrode rC+ Str+4}
   (You found it on level 6 of the Lair of Beasts)

   [ring of protection from cold]

   It affects your strength (+4).
   It protects you from cold.
   It may corrode you when you take damage.
 O - an uncursed ring of protection from fire
 P - a +4 ring of evasion (right hand)
 Z - an uncursed ring of resist corrosion
Wands
 y - a wand of digging (14/24)
 E - a wand of teleportation (6/9)
 I - a wand of disintegration (4/24)
 N - a wand of paralysis (14/24)
Scrolls
 a - 5 scrolls of amnesia
 e - 5 scrolls of immolation
 j - 8 scrolls of remove curse
 r - 2 scrolls of fear
 D - a scroll of blinking
 J - 3 scrolls of enchant weapon
 M - 2 scrolls of teleportation
 U - 3 scrolls of identify
 W - 4 scrolls of magic mapping
 X - 3 scrolls of fog
Potions
 d - 4 potions of curing
 h - 2 potions of cancellation
 i - a potion of resistance
 l - 8 potions of brilliance
 n - 2 potions of invisibility
 o - 3 potions of haste
 p - 2 potions of cure mutation
 t - 5 potions of heal wounds
 u - 6 potions of berserk rage
 z - 6 potions of agility
 S - a potion of ambrosia
Books
 L - a book of Necromancy

   Spells                             Type                      Level
   a - Pain                           Necromancy                   1
   b - Animate Skeleton               Necromancy                   1
   c - Vampiric Draining              Necromancy                   3
   d - Regeneration                   Charms/Necromancy            3
   e - Animate Dead                   Necromancy                   4
   f - Control Undead                 Necromancy                   4
Miscellaneous
 T - a phial of floods
Comestibles
 c - 14 bread rations
 q - 22 fruits
 s - 9 meat rations
 A - 26 beef jerkies
 B - a chunk of flesh
 K - 9 royal jellies


   Skills:
 - Level 3.5(3.0) Fighting
 - Level 8.2(7.6) Dodging
 - Level 2.4(1.9) Stealth
 - Level 4.0(3.5) Shields
 - Level 17.5(16.7) Spellcasting
 - Level 20.2(19.4) Conjurations
 - Level 7.3(6.7) Charms
 * Level 15.5(14.8) Fire Magic


You had 15 spell levels left.
You knew the following spells:

 Your Spells              Type           Power        Failure   Level  Hunger
a - Magic Dart            Conj           ####         0%          1    None
b - Searing Ray           Conj           ######       0%          2    None
c - Iskenderun's Mystic   Conj           ########     0%          4    None
d - Iskenderun's Battles  Conj/Chrm      #######.     1%          5    None
e - Sublimation of Blood  Necr           ####......   1%          2    None
f - Fire Storm            Conj/Fire      #######...   19%         9    #######
g - Summon Butterflies    Summ           ####....     1%          1    None
h - Regeneration          Chrm/Necr      ######....   1%          3    None
i - Animate Skeleton      Necr           N/A          1%          1    None
j - Orb of Destruction    Conj           ########..   1%          7    ####...


Dungeon Overview and Level Annotations

Branches:
Dungeon (14/15)            Temple (1/1) D:6            Lair (6/6) D:10
 Shoals (0/4) Lair:2        Snake (0/4) Lair:4        Slime (0/5) Lair:5
    Orc (2/2) D:11            Elf (2/3) Orc:2        Vaults (0/5) D:14

Altars:
Ashenzari
Cheibriados
Dithmenos
Elyvilon
Fedhas
Gozag
Hepliaklqana
Kikubaaqudgha
Makhleb
Nemelex Xobeh
Okawaru
Qazlal
Ru
Sif Muna
Trog
Uskayaw
Vehumet
Xom
Yredelemnul
Zin
The Shining One
Lugonu

Shops:
D:4 *=%   D:6 *   D:7 ([   D:13 }   Orc:2 (!=*[

Portals:
Trove: Elf:1 (give +3 storm dragon armour)

Annotations:
Elf:2 3 runed doors


Message History

A deep elf mage comes into view. It is wielding a long sword.
You bump into the rock wall.
The deep elf mage shouts!
The deep elf mage casts a spell.
The deep elf archer shoots an arrow.
The arrow hits you!
Okay, then.
You hit your battlesphere.
Your battlesphere is lightly damaged.
The deep elf archer shoots an arrow.
The arrow hits you!!
The deep elf mage points at you and mumbles some strange words.
The bolt of negative energy hits you!
You feel drained.
* * * LOW HITPOINT WARNING * * *
A battlesphere comes into view.
You feel better.
The battlesphere moves out of view.
The deep elf mage points at you and mumbles some strange words.
The orb of energy hits you!
* * * LOW HITPOINT WARNING * * *
The orb of energy explodes!
The battlesphere fires!
The barrage of energy hits you!
You die...

#......!...).)..).#
##..e...[)..)(<)((.#
#....e../....#>###.#.
....ee*.....##..##.#..
#.####......####.###.#.
# #.#...## #.##...#
#.##### #.##.... ###.#
#.##.##. #..@##
##.##..## #....###*###
###..##)##. #..
##..###..####.... .
#.....)...##...#
#.##.####.###.#.
#.###.####.##.#.. ..#
#........#.#. ###
#############


You could see a deep elf archer, 3 deep elf magi, a battlesphere and a friendly
battlesphere.

Vanquished Creatures
  Gastronok (Lair:1)
  An orc warlord (Orc:2)
  A deep elf sorcerer (Elf:1)
  A very ugly thing (D:14)
  2 deep elf annihilators
  A minotaur (Lab)
  Josephine (Lair:5)
  A vault guard (D:14)
  Fannar (Lair:3)
  Harold (Lair:1)
  A hell beast (D:12)
  A catoblepas (D:13)
  7 hydras
  3 death knights
  3 ogre magi (D:14)
  A centaur warrior (D:14)
  10 dancing weapons
  Erica (D:9)
  12 death yaks (Lair:6)
  A tengu warrior (D:10)
  6 orc high priests
  3 deep elf knights (Elf:2)
  Nergalle (Lair:1)
  2 skeletal warriors (D:11)
  2 unseen horrors
  6 deep elf archers
  A phantasmal warrior (D:11)
  2 necromancers
  3 hill giants
  32 deep elf magi
  2 lindwurms (Lair:6)
  A harpy (D:14)
  3 oklob plants (Lair:5)
  5 orc knights
  2 griffons (D:14)
  5 orc sorcerers
  6 ugly things
  3 cyclopes
  12 elephants (Lair:6)
  3 black mambas (Lair:6)
  Joseph (Lair:1)
  5 gargoyles
  9 spiny frogs
  3 orange demons (D:12)
  A rime drake (Lair:6)
  2 freezing wraiths
  The ghost of cykablyat the Conjurer, a novice OpCj (D:5)
  7 komodo dragons
  A tengu conjurer (D:10)
  9 polar bears
  12 trolls
  4 merfolk (Lair:2)
  A wolf spider simulacrum (D:12)
  A minotaur zombie (Lab)
  A blink frog (shapeshifter) (D:13)
  3 two-headed ogres
  A boulder beetle (Lair:4)
  3 raiju (Lair:6)
  A meliai zombie (D:12)
  18 blink frogs
  3 water elementals
  4 wraiths
  A centaur simulacrum (D:12)
  A wyvern (Lair:4)
  A shadow (D:14)
  23 yaks
  2 basilisks
  10 hippogriffs
  5 hungry ghosts
  Eustachio (D:5)
  5 vampire mosquitoes
  Menkaure (D:6)
  A steam dragon (D:9)
  10 wargs
  3 nagas (Lair:4)
  10 water moccasins
  10 porcupines
  7 hell hounds (Lair:6)
  7 ice beasts
  2 sky beasts
  3 necrophages
  31 orc warriors
  15 black bears
  An eye of draining (D:11)
  A wasp (D:14)
  A boggart (D:14)
  21 wolves
  8 centaurs
  19 ogres
  20 crocodiles
  A big kobold (D:13)
  A big kobold (shapeshifter) (D:14)
  14 giant frogs
  A gnoll sergeant (D:10)
  An earth elemental (Elf:1)
  2 wyvern skeletons
  9 killer bees
  5 wights (D:12)
  4 electric eels (Lair:2)
  3 howler monkeys
  10 crimson imps
  6 centaur zombies
  19 hounds
  5 jellies
  2 human zombies (Ossuary)
  11 orc priests
  7 iron imps (D:12)
  16 orc wizards
  3 centaur skeletons
  3 giant frog skeletons
  4 iguanas
  11 worker ants
  2 polar bear simulacra (Lair:6)
  4 yak simulacra (Lair:6)
  17 sheep
  3 wolf simulacra (Lair:6)
  A big kobold zombie (Ossuary)
  3 mummies
  A hound skeleton (D:5)
  2 worker ant zombies
  13 adders
  7 gnolls
  23 river rats
  3 shadow imps
  A white imp (D:10)
  An ufetubus (D:10)
  6 oozes
  4 adder zombies
  An adder skeleton (D:5)
  5 dart slugs
  6 giant geckos
  50 orcs
  4 ball pythons
  A giant cockroach (D:7)
  10 goblins
  3 hobgoblins (D:1)
  8 jackals
  11 kobolds
  A quokka (D:3)
  7 bats
  A giant cockroach zombie (D:6)
  A giant gecko skeleton (D:6)
  2 giant newts
  2 goblin zombies (Ossuary)
  10 hobgoblin zombies
  3 jackal zombies (Ossuary)
  9 kobold zombies (Ossuary)
  8 orc zombies
  A quokka skeleton (D:5)
  7 rats
  2 river rat simulacra (Lair:6)
  A fire vortex (Elf:2)
  3 fungi
  2 plants (Lair:6)
850 creatures vanquished.

Vanquished Creatures (others)
  11 fire vortices (Elf:2)
  29 fungi
  26 plants
66 creatures vanquished.

Grand Total: 916 creatures vanquished

Notes
Turn   | Place    | Note
-------+----------+-------------------------------------------
     0 | D:1      | PurpleRed the Deep Elf Conjurer began the quest for the Orb.
     0 | D:1      | Reached XP level 1. HP: 10/10 MP: 6/6
   138 | D:1      | Reached XP level 2. HP: 15/15 MP: 0/8
   260 | D:1      | Learned a level 2 spell: Searing Ray
   603 | D:1      | Reached skill level 5 in Conjurations
   609 | D:1      | Reached XP level 3. HP: 19/19 MP: 0/10
   911 | D:1      | Reached XP level 4. HP: 3/24 MP: 0/12
  1021 | D:1      | Noticed an ogre
  1026 | D:1      | Killed an ogre
  1026 | D:1      | Reached skill level 6 in Conjurations
  1026 | D:1      | Reached XP level 5. HP: 15/28 MP: 9/14
  1032 | D:1      | Learned a level 4 spell: Iskenderun's Mystic Blast
  1038 | D:1      | Learned a level 5 spell: Iskenderun's Battlesphere
  1128 | D:2      | Found a stormy altar of Qazlal.
  1240 | D:2      | Reached skill level 5 in Spellcasting
  1292 | D:2      | Reached skill level 1 in Charms
  1468 | D:2      | Found an opulent altar of Gozag.
  1792 | D:3      | Noticed an orc warrior
  1825 | D:3      | Killed an orc warrior
  1825 | D:3      | Reached skill level 7 in Conjurations
  1825 | D:3      | Reached XP level 6. HP: 20/32 MP: 2/16
  1961 | D:3      | Found a sacrificial altar of Ru.
  2496 | D:4      | Found Nouch's Food Shoppe.
  2558 | D:4      | Found Eduicug's Assorted Antiques.
  2561 | D:4      | Bought an embroidered robe for 14 gold pieces
  2619 | D:4      | Found Baewimew's Jewellery Emporium.
  2679 | D:5      | Entered Level 5 of the Dungeon
  2762 | D:5      | Reached XP level 7. HP: 22/36 MP: 8/17
  3139 | D:5      | Reached skill level 8 in Conjurations
  3321 | D:5      | Noticed Eustachio
  3327 | D:5      | Killed Eustachio
  3379 | D:5      | Reached skill level 5 in Charms
  3520 | D:5      | Noticed cykablyat's ghost (novice OpCj)
  3530 | D:5      | Killed cykablyat's ghost
  3530 | D:5      | Reached skill level 9 in Conjurations
  3530 | D:5      | Reached XP level 8. HP: 38/41 MP: 4/20
  3750 | D:6      | Found a sand-covered staircase.
  3792 | Ossuary  | Entered an ossuary
  4447 | D:6      | Found a snail-covered altar of Cheibriados.
  4482 | D:6      | Identified the Guide on Floating Dislocation
  4504 | D:6      | Found a hazy altar of Hepliaklqana.
  4580 | D:6      | Found Zin's Purification Station.
  4580 | D:6      | Found a glowing silver altar of Zin.
  4584 | D:6      | Noticed Menkaure
  4589 | D:6      | Killed Menkaure
  4589 | D:6      | Reached skill level 10 in Conjurations
  4681 | D:6      | Reached XP level 9. HP: 36/45 MP: 13/23
  4751 | D:6      | Found a staircase to the Ecumenical Temple.
  4762 | Temple   | Entered the Ecumenical Temple
  5509 | D:7      | Found Ejuffai's Armour Emporium.
  5510 | D:7      | Found a shimmering altar of Xom.
  5592 | D:7      | Found a radiant altar of Vehumet.
  5601 | D:7      | Became a worshipper of Vehumet
  5661 | D:7      | Bought a +0 helmet of see invisible for 172 gold pieces
  5683 | D:7      | Found Ukag's Antique Weapon Boutique.
  5911 | D:8      | Reached skill level 11 in Conjurations
  5997 | D:8      | Learned a level 2 spell: Sublimation of Blood
  6091 | D:8      | Reached skill level 5 in Dodging
  6257 | D:7      | Bought a +0 pair of boots of flying for 172 gold pieces
  6309 | D:9      | Noticed a troll
  6313 | D:9      | Killed a troll
  6344 | D:9      | Reached * piety under Vehumet
  6344 | D:9      | Offered knowledge of Sting by Vehumet.
  6352 | D:9      | Found an iron altar of Okawaru.
  6424 | D:9      | Found a bloodstained altar of Trog.
  6458 | D:9      | Noticed Erica
  6472 | D:9      | Killed Erica
  6472 | D:9      | Reached skill level 10 in Spellcasting
  6472 | D:9      | Reached skill level 12 in Conjurations
  6472 | D:9      | Reached XP level 10. HP: 50/50 MP: 11/26
  6848 | D:9      | Reached ** piety under Vehumet
  6848 | D:9      | Offered knowledge of Sandblast by Vehumet.
  7143 | D:10     | Entered Level 10 of the Dungeon
  7145 | D:10     | Found a staircase to the Lair.
  7217 | D:10     | Reached skill level 13 in Conjurations
  7237 | D:10     | Noticed a hill giant
  7245 | D:10     | Killed a hill giant
  7432 | D:10     | Offered knowledge of Mephitic Cloud by Vehumet.
  7454 | D:10     | Noticed an unseen horror
  7459 | D:10     | Killed an unseen horror
  7551 | D:10     | Noticed a tengu warrior
  7579 | D:10     | Reached XP level 11. HP: 50/54 MP: 14/28
  7731 | D:10     | Reached *** piety under Vehumet
  7882 | D:10     | Killed a tengu warrior
  7906 | D:10     | Reached skill level 14 in Conjurations
  8002 | D:11     | Reached skill level 1 in Shields
  8005 | D:11     | Offered knowledge of Airstrike by Vehumet.
  8098 | D:11     | Noticed a skeletal warrior
  8098 | D:11     | Noticed a skeletal warrior
  8116 | D:11     | Killed a skeletal warrior
  8142 | D:11     | Killed a skeletal warrior
  8188 | D:11     | Noticed a green ugly thing
  8268 | D:11     | Noticed a death knight
  8271 | D:11     | Noticed a phantasmal warrior
  8276 | D:11     | Killed a phantasmal warrior
  8315 | D:11     | Killed a death knight
  8466 | D:11     | Killed a green ugly thing
  8467 | D:11     | Reached **** piety under Vehumet
  8516 | D:11     | Reached skill level 15 in Conjurations
  8522 | D:11     | Found a staircase to the Orcish Mines.
  8704 | D:12     | Noticed a necromancer
  8708 | D:11     | Offered knowledge of Throw Icicle by Vehumet.
  8776 | D:12     | Noticed a hell beast
  8777 | D:12     | Found a corrupted altar of Lugonu.
  8820 | D:12     | Reached XP level 12. HP: 59/59 MP: 14/30
  8914 | D:12     | Killed a hell beast
  9154 | D:12     | Reached skill level 1 in Fighting
  9399 | D:12     | Reached ***** piety under Vehumet
  9417 | D:12     | Offered knowledge of Lee's Rapid Deconstruction by Vehumet.
  9417 | D:12     | Reached skill level 16 in Conjurations
  9437 | D:12     | Identified a scroll of acquirement
  9449 | D:12     | Learned a level 9 spell: Fire Storm
  9480 | D:12     | Reached skill level 1 in Fire Magic
  9846 | D:13     | Found a basalt altar of Yredelemnul.
  9888 | D:13     | Noticed a catoblepas
  9897 | D:13     | Killed a catoblepas
 10094 | D:13     | Noticed a death knight
 10096 | D:13     | You are sucked into a shaft!
 10292 | D:14     | Reached XP level 13. HP: 67/67 MP: 24/33
 10335 | D:14     | Reached skill level 5 in Fire Magic
 10409 | D:14     | Found a gate to the Vaults.
 10852 | D:14     | Noticed a white very ugly thing
 10862 | D:14     | Killed a white very ugly thing
 10900 | D:14     | Reached skill level 17 in Conjurations
 11252 | D:13     | Found Toto's Quality Used Wands.
 11606 | Orc:1    | Entered Level 1 of the Orcish Mines
 12072 | Orc:2    | Entered Level 2 of the Orcish Mines
 12072 | Orc:2    | Found a staircase to the Elven Halls.
 12072 | Orc:2    | Found Juomuddu's Jewellery Shoppe.
 12076 | Orc:2    | Reached skill level 15 in Spellcasting
 12108 | Orc:2    | Noticed an orc warlord
 12129 | Orc:2    | Found Feikuy's Antique Armour Emporium.
 12139 | Orc:2    | Found Deosagg's General Store.
 12494 | Orc:2    | Offered knowledge of Poisonous Cloud by Vehumet.
 12572 | Orc:1    | Reached XP level 14. HP: 70/72 MP: 17/35
 12702 | Orc:2    | Killed an orc warlord
 12702 | Orc:2    | Reached skill level 18 in Conjurations
 12952 | Orc:2    | Found Suiheos's Distillery.
 12990 | Orc:2    | Bought a scroll of fear for 35 gold pieces
 12990 | Orc:2    | Bought a scroll of amnesia for 35 gold pieces
 13046 | Orc:2    | Bought a pair of embroidered gloves for 121 gold pieces
 13079 | Orc:2    | Bought a faintly humming leather armour for 189 gold pieces
 13089 | Orc:2    | Identified the +2 leather armour of Yra Podomo {rC+ rN+ rCorr} (You bought it in a shop on level 2 of the Orcish Mines)
 13235 | Orc:2    | Found Ysufur's Antique Weapon Boutique.
 13602 | Lair:1   | Entered Level 1 of the Lair of Beasts
 13626 | Lair:1   | Learned a level 1 spell: Summon Butterflies
 13725 | Lair:1   | Noticed Gastronok
 13731 | Lair:1   | Killed Gastronok
 13731 | Lair:1   | Reached skill level 10 in Fire Magic
 13864 | Lair:1   | Noticed Joseph
 13869 | Lair:1   | Killed Joseph
 14000 | Lair:1   | Noticed Harold
 14004 | Lair:1   | Killed Harold
 14086 | Lair:1   | Noticed Nergalle
 14091 | Lair:1   | Killed Nergalle
 14373 | Lair:2   | Found a labyrinth entrance.
 14435 | Lab      | Entered a labyrinth
 14678 | Lair:2   | Found a staircase to the Shoals.
 15373 | Lair:3   | Got a steaming ring mail
 15402 | Lair:3   | Identified the +2 ring mail of Boiling Hail {+Inv rPois rN+ Str+3} (You found it on level 3 of the Lair of Beasts)
 15457 | Lair:3   | Noticed Fannar
 15484 | Lair:3   | Killed Fannar
 16078 | Lair:4   | Reached ****** piety under Vehumet
 16507 | Lair:4   | Found a staircase to the Snake Pit.
 16553 | Lair:4   | Offered knowledge of Venom Bolt by Vehumet.
 17054 | Lair:5   | Noticed Josephine
 17056 | Lair:5   | Killed Josephine
 17313 | Lair:5   | Found a staircase to the Slime Pits.
 17319 | Lair:5   | Reached skill level 19 in Conjurations
 17823 | Lair:6   | Entered Level 6 of the Lair of Beasts
 17931 | Lair:6   | Reached XP level 15. HP: 76/76 MP: 29/37
 18485 | Lair:6   | Got a twisted demon blade
 18566 | Lair:6   | Lost strength.
 18566 | Lair:6   | Identified the +5 demon blade of Perversion {flame, +Blink +Rage Str-5} (You found it on level 6 of the Lair of Beasts)
 18664 | Lair:6   | Offered knowledge of Orb of Destruction by Vehumet.
 18809 | Lair:6   | Learned a level 3 spell: Regeneration
 18811 | Lair:6   | Learned a level 1 spell: Animate Skeleton
 18824 | Lair:6   | Learned a level 7 spell: Orb of Destruction
 18830 | Lair:6   | Got an iridescent falchion
 18831 | Lair:6   | Identified the +2 falchion of Uskayaw's Envy {drain, +Rage rElec rF- MR+} (You found it on level 6 of the Lair of Beasts)
 19019 | Lair:6   | Got a heavily runed tin ring
 19126 | Lair:6   | Identified the ring of Anidaod {*Corrode rC+ Str+4} (You found it on level 6 of the Lair of Beasts)
 19167 | Lair:6   | Upgraded the game from 0.19-a0-1181-g4905290 to 0.19-a0-1185-gacb3972
 19597 | Lair:6   | Reached skill level 20 in Conjurations
 20034 | Elf:1    | Entered Level 1 of the Elven Halls
 20298 | Elf:1    | Noticed a deep elf sorcerer
 20300 | Elf:1    | Killed a deep elf sorcerer
 20307 | Elf:1    | Identified the Collected Works on Attacks and the Escort
 20363 | Elf:1    | Reached XP level 16. HP: 66/80 MP: 21/39
 20885 | Elf:2    | Offered knowledge of Delayed Fireball by Vehumet.
 20926 | Elf:1    | Found a portal to a secret trove of treasure.
 21232 | Elf:2    | Found a runed gate.
 21232 | Elf:2    | Found a runed gate.
 21233 | Elf:2    | Found a runed gate.
 21343 | Elf:2    | Reached skill level 15 in Fire Magic
 21528 | Elf:2    | Killed from afar by a battlesphere

Vault maps used:
D:1:      minmay_arrival_jagged
D:2:      nicolae_gozag_seed_capital, overflow_temple_1_default
D:3:      nicolae_ru_sacrificial_ziggurat, kennysheep_cross_room
D:4:      first_bread, serial_shops, kennysheep_little_box, kennysheep_mini,
          nicolae_shop_behind_doors
D:5:      serial_glass, glass_columns_b, glass_columns_b, uniq_eustachio
D:6:      zin_purify, kennysheep_slug_shrine, overflow_temple_1_default,
          nicolae_ossuary_entry_giza, uniq_menkaure
D:7:      lemuel_coloured_pillars_altar, serial_shops, shop_fountains,
          nicolae_shop_crystal, serial_bayou_pond_e, xom_teletrap_fun
D:9:      nicolae_overflow_hidden_temple, okawaru_altar_gauntlet_db,
          hangedman_little_slice_of_home, eino_jars, uniq_erica
D:10:     lair_0_dummy, serial_ice, serial_ice_e, serial_ice_i, serial_ice_b,
          serial_ice_g
D:11:     david_orc_2
D:12:     lemuel_hellish_altar
D:13:     basic_altar, nicolae_for_you_no_charge
D:14:     david_vaults_5, minmay_misc_feat_diagonals, minivault_28
Temple:   nicolae_temple_hex_pool
Lair:1:   grunt_megastairs_3, infiniplex_staircase_pool_2, uniq_harold,
          uniq_nergalle, uniq_joseph, uniq_gastronok
Lair:2:   elwin_shoals_entry_stream, lab_entry_generic, serial_bayou_shore_a
Lair:3:   uniq_fannar
Lair:4:   minmay_snake_entry_guardpost_small, serial_bayou_shore_b
Lair:5:   minmay_slime_entry_oklob_enclosed, uniq_josephine
Lair:6:   hangedman_lair_in_review, hangedman_lair_caniforms_friends,
          eino_house_with_fridge
Orc:1:    nicolae_orc_accident_1
Orc:2:    grunt_orc_gardens, grunt_orc_garden, grunt_orc_garden,
          grunt_orc_garden, grunt_orc_garden, serial_shops, nicolae_shop_trees
Elf:1:    eino_elf_arrival_the_gate, enter_trove_3, minmay_elf_sorcery
Lab:      labyrinth_hidden_loot, labyrinth_skeletal_remains, nicolae_lab_grate
Ossuary:  ossuary_tomb_1

Skill      XL: |  1  2  3  4  5  6  7  8  9 10 11 12 13 14 15 16 |
---------------+-------------------------------------------------+-----
Conjurations   | 5 6 7 9 10 12 13 15 16 17 19 20 | 20.2
Spellcasting   | 4 5 7 8 10 11 12 14 15 16 17 | 17.5
Charms         | 2 3 5 7 |  7.3
Dodging        | 6 7 8 |  8.2
Shields        | 3 4 |  4.0
Fighting       | 2 3 |  3.5
Fire Magic     | 4 9 12 14 15 | 15.5
Stealth        | |  2.4

Action                   |  1- 3 |  4- 6 |  7- 9 | 10-12 | 13-15 | 16-18 || total
-------------------------+-------+-------+-------+-------+-------+-------++-------
Melee: Short sword       |       |    16 |    28 |       |       |       ||    44
       Morningstar       |       |       |       |       |     4 |       ||     4
       Staff             |       |       |       |       |       |     1 ||     1
 Cast: Magic Dart        |    45 |    65 |   112 |   165 |   370 |    23 ||   780
       Searing Ray       |     2 |    12 |    27 |    62 |   135 |    15 ||   253
       Iskenderun's Batt |       |     4 |    35 |    65 |   145 |    13 ||   262
       Iskenderun's Myst |       |       |     4 |    50 |   244 |    26 ||   324
       Sublimation of Bl |       |       |       |     9 |       |       ||     9
       Regeneration      |       |       |       |       |     5 |     4 ||     9
       Fire Storm        |       |       |       |       |       |     5 ||     5
Evoke: Wand              |       |       |       |       |    11 |       ||    11
  Use: Scroll            |       |    14 |     9 |     9 |    13 |     3 ||    48
       Potion            |       |       |     1 |       |     3 |     1 ||     5
 Stab: Sleeping          |       |       |     1 |       |       |       ||     1
  Eat: Chunk             |       |     6 |    15 |    13 |    24 |     4 ||    62
       Royal jelly       |       |       |     2 |       |     2 |     1 ||     5
       Pizza             |       |       |       |       |     2 |       ||     2
Armor: Robe              |     4 |     5 |    18 |    28 |    55 |     3 ||   113
       Skin              |       |       |     1 |       |       |       ||     1
Dodge: Dodged            |     4 |    25 |    44 |    66 |   233 |     8 ||   380
Block: Buckler           |       |       |       |    15 |   121 |     7 ||   143
